 Dungeon Crawl Stone Soup version 0.29.0-7-g18a832c13a (webtiles) character file.

Game seed: 7394409975932368820

115 robertstho the Trooper (level 5, -1/34 HPs)
             Began as a Tengu Berserker on Aug 31, 2022.
             Was a Believer of Trog.
             Slain by Grinder (3 damage)
             ... while paralysed by Grinder
             ... on level 3 of the Dungeon.
             The game lasted 00:02:42 (2845 turns).

robertstho the Trooper (Tengu Berserker)            Turns: 2845, Time: 00:02:42

Health: -1/34      AC:  2    Str: 18    XL:     5   Next: 0%
Magic:  6/6        EV:  2    Int: 12    God:    Trog [**....]
Gold:   142        SH:  0    Dex: 12    Spells: 4/4 levels left

rFire   + . .      SeeInvis .   m - +0 falchion (vorpal)
rCold   + . .      Faith    .   (no shield)
rNeg    . . .      Spirit   .   b - +0 animal skin
rPois   .          Reflect  .   (helmet restricted)
rElec   .          Harm     .   j - scarf {rC+ rF+}
rCorr   .          Rampage  .   (no gloves)
Will    .....                   (boots unavailable)
Stlth   +.........              (no amulet)
HPRegen 0.11/turn               (no ring)
MPRegen 0.10/turn               (no ring)

@: paralysed, mighty, on berserk cooldown, flying quickly and evasively, slowed,
quick
A: beak, talons 3, nimble flight, clever 1, inability to drink after injury 1,
inability to read after injury 1
a: Renounce Religion, Berserk, Trog's Hand


You were on level 3 of the Dungeon.
You worshipped Trog.
Trog was pleased with you.
You visited 1 branch of the dungeon, and saw 3 of its levels.

You collected 142 gold pieces.

Inventory:

Hand Weapons
 a - a +0 spear
 m - a +0 vorpal falchion (weapon)
Armour
 b - a +0 animal skin (worn)
 j - a scarf of resistance (worn)
Jewellery
 e - a ring of flight
Scrolls
 l - a scroll of torment
 n - a scroll of amnesia
Potions
 c - a potion of mutation
 d - a potion of flight
 g - a potion of might
 h - a potion of cancellation {unknown}
 i - a potion of berserk rage {unknown}
 k - a potion of degeneration {unknown}
 o - a potion of brilliance {unknown}


   Skills:
 * Level 4.3 Fighting
 + Level 0.3 Long Blades
 + Level 4.1 Polearms
 * Level 2.8 Armour
 + Level 2.5 Dodging
 + Level 0.5 Stealth


You had 4 spell levels left.
You didn't know any spells.
Your spell library was empty.

Dungeon Overview and Level Annotations

Branches:
Dungeon (3/15)

Altars:

Annotations:
D:3 Grinder


Innate Abilities, Weirdness & Mutations

You have a beak for a mouth.
You have claws for feet.
Your magical nature lets you fly swiftly and evasively.
Your mind is acute. (Int +4, Str/Dex -1)
You occasionally lose the ability to drink potions when taking damage.
You occasionally lose the ability to read scrolls when taking damage.


Message History

Grinder gestures at you.
You barely resist.
Grinder says, "Don't move a muscle."
Grinder closely misses you.
It was a potion of flight.
You feel more buoyant. Grinder closely misses you.
It was a potion of might.
You feel very mighty all of a sudden. Grinder closely misses you.
Grinder says, "Tell me all your secrets, or I'll kill you."
Grinder hits you!
You feel threatened and lose the ability to read scrolls!
You feel threatened and lose the ability to drink potions!
* * * LOW HITPOINT WARNING * * *
You cannot drink potions in your current state!
Grinder gestures at you. Pain shoots through your body!
* * * LOW HITPOINT WARNING * * *
You barely miss Grinder. Grinder gestures at you.
Pain shoots through your body!
* * * LOW HITPOINT WARNING * * *
Grinder barely misses you.
You hit Grinder. Your kick misses Grinder.
Grinder is lightly wounded.
You can read scrolls again.
Grinder completely misses you. Grinder barely misses you.
You barely miss Grinder.
Grinder is lightly wounded.
You can drink potions again.
Grinder gestures at you. You resist with significant effort.
Grinder gestures at you. You resist with significant effort.
You slash Grinder! You claw Grinder!
Grinder is almost dead.
Grinder gestures at you.
You suddenly lose the ability to move!
Grinder hits you.
You die...

#########
#....@5.#
#.#####.#
##########.# #.#
##..........###
#........
##..##.........#
#..######
.[.......##..#.#
#..#
.....######..#.#
#..#
#............# #
#..#
##.#########..
...#


You could see Grinder.

Vanquished Creatures
  4 adders
  A worm (D:2)
  5 dart slugs
  8 ball pythons
  10 bats
  3 endoplasms
  3 giant cockroaches (D:2)
  5 hobgoblins
  7 jackals
  4 kobolds
  3 frilled lizards
  3 goblins
  7 rats
63 creatures vanquished.

Notes
Turn   | Place    | Note
-------+----------+-------------------------------------------
     0 | D:1      | robertstho the Tengu Berserker began the quest for the Orb.
     0 | D:1      | Reached XP level 1. HP: 14/14 MP: 2/2
   164 | D:1      | Reached XP level 2. HP: 18/19 MP: 3/3
   233 | D:1      | Found a faded altar of an unknown god.
   529 | D:1      | Reached XP level 3. HP: 24/24 MP: 4/4
   668 | D:1      | Reached ** piety under Trog
  1133 | D:2      | Reached XP level 4. HP: 18/29 MP: 5/5
  2713 | D:3      | Gained mutation: Your magical nature lets you fly swiftly
                  | and evasively. [Tengu growth]
  2713 | D:3      | Reached XP level 5. HP: 34/34 MP: 6/6
  2819 | D:3      | Noticed Grinder
  2823 | D:3      | Paralysed by Grinder for 5 turns
  2834 | D:3      | Paralysed by Grinder for 2 turns
  2836 | D:3      | Gained mutation: You occasionally lose the ability to drink
                  | potions when taking damage. [potion of mutation]
  2836 | D:3      | Gained mutation: You occasionally lose the ability to read
                  | scrolls when taking damage. [potion of mutation]
  2836 | D:3      | Gained mutation: Your mind is acute. (Int +4, Str/Dex -1)
                  | [potion of mutation]
  2845 | D:3      | Paralysed by Grinder for 3 turns
  2845 | D:3      | Slain by Grinder

Illustrated notes

Levels and vault maps discovered:
D:1:      psy_arrival_heroes, layout_loops_cross,
          shapermc_ecumenical_altar_pompeii, minmay_misc_feat_plants,
          minivault_24
D:2:      layout_basic, nicolae_elevator_lobby_asterisk
D:3:      layout_loops_corners, uniq_grinder

Skill      XL: |  1  2  3  4 |
---------------+-------------+-----
Fighting       | 4 |  4.3
Polearms       | 4 |  4.1
Long Blades    | |  0.3
Armour         | |  2.8
Dodging        | |  2.5
Stealth        | |  0.5

Action                   |  1- 3 |  4- 6 || total
-------------------------+-------+-------++-------
Melee: Spear             |    88 |    13 ||   101
       Kick              |    19 |    10 ||    29
       Peck              |     6 |     5 ||    11
       Falchion          |       |    42 ||    42
Invok: Berserk           |       |     1 ||     1
  Use: Potion            |       |     3 ||     3
       Scroll            |       |     2 ||     2
 Stab: Sleeping          |     2 |       ||     2
Armor: Animal skin       |     8 |     6 ||    14
Dodge: Dodged            |    35 |    29 ||    64
